MAA
VIRGINIA BEACH DEUCES @ ELKFORD ROADRUNNERS
05/29/2018
 
TOP OF THE 1ST
Virginia Beach Deuces batting - Pitching for Elkford Roadrunners : RHP Dave Mitchell
Pitching: RHP Dave Mitchell
Batting: RHB Joel Frazier 0-0: Ball
1-0: Foul Ball, location: 2F
1-1: Foul Ball, location: 2F
1-2: Foul Ball, location: 2F
1-2: Ball
2-2: Strikes out swinging
Batting: RHB Scott Miller 0-0: Fly out, F3 (Popup, 34)
Batting: RHB Joe Andrews 0-0: Ball
1-0: Foul Ball, location: 2F
1-1: Fly out, F9 (Flyball, 89D)
Top of the 1st over - 0 run(s), 0 hit(s), 0 error(s), 0 left on base; Virginia Beach 0 - Elkford 0
BOTTOM OF THE 1ST
Elkford Roadrunners batting - Pitching for Virginia Beach Deuces : RHP Hubert Dunham
Pitching: RHP Hubert Dunham
Batting: RHB Don Thomas 0-0: Ball
1-0: Ball
2-0: Called Strike
2-1: Ball
3-1: SINGLE (Groundball, 6MD)
Batting: RHB Cal Jackson 0-0: Ball
1-0: Ball
2-0: Fly out, F9 (Flyball, 9D)
Batting: LHB Monte Pollard 0-0: Called Strike
0-1: Foul Ball, location: 2F
0-2: Foul Ball, location: 2F
0-2: Foul Ball, location: 2F
0-2: Ball
1-2: Strikes out swinging
Don Thomas is caught stealing 2nd base
Batter strikes out.
Bottom of the 1st over - 0 run(s), 1 hit(s), 0 error(s), 0 left on base; Virginia Beach 0 - Elkford 0
TOP OF THE 2ND
Virginia Beach Deuces batting - Pitching for Elkford Roadrunners : RHP Dave Mitchell
Batting: RHB Travis Brumback 0-0: Ball
1-0: Ball
2-0: Called Strike
2-1: Ball
3-1: Called Strike
3-2: Ground out 4-3 (Groundball, 4)
Batting: RHB Álex Escobar 0-0: SOLO HOME RUN (Flyball, 7LD), Distance : 374 ft
Batting: RHB Armando Hernández 0-0: Ball
1-0: Foul Ball, location: 2F
1-1: Ball
2-1: SINGLE (Groundball, 3D)
Batting: RHB Héctor Camacho 0-0: Called Strike
0-1: Foul Ball, location: 2F
0-2: Ball
1-2: SINGLE (Flyball, 4D)
Armando Hernández to second
Batting: LHB Álex Burgos 0-0: Called Strike
0-1: Called Strike
0-2: Ball
1-2: Ball
2-2: Ball
3-2: 3-RUN HOME RUN (Flyball, 89XD), Distance : 394 ft
Batting: RHB Carl Carlson 0-0: Called Strike
0-1: Ball
1-1: Ball
2-1: Ball
3-1: Fly out, F9 (Flyball, 9M)
Batting: RHB Joel Frazier 0-0: Ball
1-0: Swinging Strike
1-1: Swinging Strike
1-2: Ground out 4-3 (Groundball, 4)
Top of the 2nd over - 4 run(s), 4 hit(s), 0 error(s), 0 left on base; Virginia Beach 4 - Elkford 0
BOTTOM OF THE 2ND
Elkford Roadrunners batting - Pitching for Virginia Beach Deuces : RHP Hubert Dunham
Batting: RHB Dave Henderson 0-0: Ball
1-0: Ball
2-0: Ball
3-0: Base on Balls
Batting: RHB Chris Robinson 0-0: Called Strike
0-1: Ball
1-1: Foul Ball, location: 2F
1-2: Ball
2-2: Ball
3-2: Foul Ball, location: 2F
3-2: Base on Balls
Dave Henderson to second
Batting: RHB Jim Lee 0-0: Fly out, F9 (Flyball, 89M)
Batting: RHB Michael Martin 0-0: SINGLE (Groundball, 25) (infield hit)
Dave Henderson to third
Chris Robinson to second
Batting: SHB Carlos Sánchez 0-0: Called Strike
0-1: SINGLE (Groundball, 34S) (infield hit)
Dave Henderson scores
Chris Robinson to third
Michael Martin to second
Batting: RHB Rafael Najcrea 0-0: Called Strike
0-1: Ball
1-1: Ball
2-1: Called Strike
2-2: GRAND SLAM HOME RUN (Flyball, 7D), Distance : 379 ft
Pitching: RHP Pedro Feliciano
Batting: RHB Don Thomas 0-0: Called Strike
0-1: Fly out, F9 (Line Drive, 9M)
Batting: RHB Cal Jackson 0-0: Ball
1-0: Foul Ball, location: 2F
1-1: Foul Ball, location: 2F
1-2: Foul Ball, location: 2F
1-2: Ball
2-2: Fly out, F8 (Popup, 4MD)
Bottom of the 2nd over - 5 run(s), 3 hit(s), 0 error(s), 0 left on base; Virginia Beach 4 - Elkford 5
TOP OF THE 3RD
Virginia Beach Deuces batting - Pitching for Elkford Roadrunners : RHP Dave Mitchell
Batting: RHB Scott Miller 0-0: Ball
1-0: Ball
2-0: Foul Ball, location: 2F
2-1: Ball
3-1: Base on Balls
Batting: RHB Joe Andrews 0-0: Ball
1-0: Ball
2-0: Ball
3-0: Called Strike
3-1: Grounds into double play, 5-4-3 (Groundball, 56)
Batting: RHB Travis Brumback 0-0: Foul Ball, location: 2F
0-1: Ball
1-1: Ground out 6-3 (Groundball, 6)
Top of the 3rd over - 0 run(s), 0 hit(s), 0 error(s), 0 left on base; Virginia Beach 4 - Elkford 5
BOTTOM OF THE 3RD
Elkford Roadrunners batting - Pitching for Virginia Beach Deuces : RHP Pedro Feliciano
Batting: LHB Monte Pollard 0-0: Ball
1-0: Ball
2-0: Ball
3-0: Base on Balls
Batting: RHB Dave Henderson 0-0: Called Strike
0-1: Foul Ball, location: 2F
0-2: Ball
1-2: Fielders Choice at 2nd, 6-4 (Groundball, 6M)
Batting: RHB Chris Robinson 0-0: Called Strike
0-1: Ball
1-1: Ball
2-1: Fly out, F8 (Flyball, 8LM)
Batting: RHB Jim Lee 0-0: Ball
Dave Henderson steals 2nd base
1-0: Foul Ball, location: 2F
1-1: Called Strike
1-2: DOUBLE (Flyball, 89M)
Dave Henderson scores
Batting: RHB Michael Martin 0-0: SINGLE (Groundball, 6MD)
Jim Lee to third
Runner from 3rd tries for Home, SAFE, no throw or cutoff
Batting: SHB Carlos Sánchez 0-0: SINGLE (Groundball, 34D)
Michael Martin to second
Runner from 2nd tries for 3rd, SAFE, no throw or cutoff
Batting: RHB Rafael Najcrea 0-0: Ball
1-0: Foul Ball, location: 2F
1-1: Fly out, F9 (Flyball, 89XD)
Bottom of the 3rd over - 2 run(s), 3 hit(s), 0 error(s), 2 left on base; Virginia Beach 4 - Elkford 7
TOP OF THE 4TH
Virginia Beach Deuces batting - Pitching for Elkford Roadrunners : RHP Dave Mitchell
Batting: RHB Álex Escobar 0-0: Foul Ball, location: 2F
0-1: Ball
1-1: Swinging Strike
1-2: Strikes out swinging
Batting: RHB Armando Hernández 0-0: Called Strike
0-1: Ball
1-1: Foul Ball, location: 2F
1-2: Ball
2-2: Ball
3-2: Strikes out looking
Batting: RHB Héctor Camacho 0-0: Called Strike
0-1: Foul Ball, location: 2F
0-2: Strikes out looking
Top of the 4th over - 0 run(s), 0 hit(s), 0 error(s), 0 left on base; Virginia Beach 4 - Elkford 7
BOTTOM OF THE 4TH
Elkford Roadrunners batting - Pitching for Virginia Beach Deuces : RHP Pedro Feliciano
Batting: RHB Don Thomas 0-0: Ball
1-0: Foul Ball, location: 2F
1-1: Ground out 4-3 (Groundball, 4M)
Batting: RHB Cal Jackson 0-0: Ball
1-0: Ball
2-0: Ball
3-0: Foul Ball, location: 2F
3-1: Fly out, F7 (Flyball, 7LM)
Batting: LHB Monte Pollard 0-0: Ground out 1-3 (Groundball, 23)
Bottom of the 4th over - 0 run(s), 0 hit(s), 0 error(s), 0 left on base; Virginia Beach 4 - Elkford 7
TOP OF THE 5TH
Virginia Beach Deuces batting - Pitching for Elkford Roadrunners : RHP Dave Mitchell
Batting: LHB Álex Burgos 0-0: Called Strike
0-1: Ball
1-1: Ball
2-1: Ball
3-1: Foul Ball, location: 2F
3-2: Base on Balls
Batting: RHB Carl Carlson 0-0: Called Strike
0-1: Called Strike
0-2: Strikes out swinging
Batting: RHB Joel Frazier 0-0: Ball
1-0: SINGLE (Groundball, 34D)
Álex Burgos to second
Runner from 2nd tries for 3rd, SAFE, no throw or cutoff
Batting: RHB Scott Miller 0-0: Called Strike
0-1: Ball
1-1: Ball
2-1: Foul Ball, location: 2F
2-2: Foul Ball, location: 2F
2-2: Foul Ball, location: 2F
2-2: Foul Ball, location: 2F
2-2: Strikes out swinging
Batting: RHB Joe Andrews 0-0: Ball
1-0: Foul Ball, location: 2F
1-1: Called Strike
1-2: Foul Ball, location: 2F
1-2: Ball
2-2: DOUBLE (Flyball, 9LS)
Álex Burgos scores
Joel Frazier to third
Batting: RHB Travis Brumback 0-0: Called Strike
0-1: Foul Ball, location: 2F
0-2: Foul Ball, location: 2F
0-2: Ball
1-2: Ball
2-2: Foul Ball, location: 2F
2-2: Ball
3-2: Foul Ball, location: 2F
3-2: Foul Ball, location: 2F
3-2: Base on Balls
Batting: RHB Álex Escobar 0-0: Ball
1-0: Called Strike
1-1: Foul Ball, location: 2F
1-2: Ball
2-2: SINGLE (Line Drive, 6M)
Joel Frazier scores
Joe Andrews to third
Travis Brumback to second
Runner from 3rd tries for Home, SAFE, no throw or cutoff
Pitching: RHP Reese Myers
Batting: RHB Armando Hernández 0-0: Called Strike
0-1: Ball
1-1: Ball
2-1: Swinging Strike
2-2: Strikes out swinging
Top of the 5th over - 3 run(s), 3 hit(s), 0 error(s), 2 left on base; Virginia Beach 7 - Elkford 7
BOTTOM OF THE 5TH
Elkford Roadrunners batting - Pitching for Virginia Beach Deuces : RHP Pedro Feliciano
Batting: RHB Dave Henderson 0-0: Foul Ball, location: 2F
0-1: Called Strike
0-2: SINGLE (Groundball, 6MD)
Batting: RHB Chris Robinson 0-0: Ball
Dave Henderson steals 2nd base
1-0: Ball
2-0: Ball
3-0: Called Strike
3-1: Foul Ball, location: 2F
3-2: Base on Balls
Batting: RHB Jim Lee 0-0: Ball
1-0: Sac Bunt - play at first, batter OUT! 5-3
Dave Henderson to third
Chris Robinson to second
Batting: RHB Michael Martin 0-0: Ball
1-0: Swinging Strike
1-1: Foul Ball, location: 2F
1-2: Ball
Wild Pitch!
Dave Henderson scores
Chris Robinson to third
2-2: Ball
3-2: Base on Balls
Pitching: LHP José Carrasco
Batting: SHB Carlos Sánchez 0-0: Called Strike
0-1: Swinging Strike
0-2: Strikes out swinging
Batting: RHB Rafael Najcrea 0-0: Ball
1-0: Fielders Choice at 2nd, 6-4 (Groundball, 6)
Bottom of the 5th over - 1 run(s), 1 hit(s), 0 error(s), 1 left on base; Virginia Beach 7 - Elkford 8
TOP OF THE 6TH
Virginia Beach Deuces batting - Pitching for Elkford Roadrunners : RHP Reese Myers
Batting: RHB Héctor Camacho 0-0: Called Strike
0-1: Reached on error, E2 (Groundball, 2R)
Batting: LHB Álex Burgos 0-0: Ball
1-0: Foul Ball, location: 2F
1-1: Ball
2-1: Foul Ball, location: 2F
2-2: Foul Ball, location: 2F
2-2: Ball
3-2: Foul Ball, location: 2F
3-2: Foul Ball, location: 2F
3-2: Foul Ball, location: 2F
Single, Error in OF, E8, batter to second base
Héctor Camacho to third
Batting: RHB Carl Carlson 0-0: Ball
1-0: Called Strike
1-1: Ball
2-1: Ball
3-1: Base on Balls
Batting: RHB Joel Frazier 0-0: Called Strike
0-1: Ball
1-1: Called Strike
1-2: Grounds into fielders choice 6-2 (Groundball, 6MS)
Álex Burgos to third
Carl Carlson to second
Batting: RHB Scott Miller 0-0: Ball
1-0: Called Strike
1-1: DOUBLE (Line Drive, 7LS)
Álex Burgos scores
Carl Carlson scores
Joel Frazier to third
Batting: RHB Joe Andrews 0-0: Intentional Walk
Batting: RHB Travis Brumback 0-0: Called Strike
0-1: Foul Ball, location: 2F
0-2: Ball
1-2: Ball
2-2: Foul Ball, location: 2F
2-2: Foul Ball, location: 2F
2-2: Ball
3-2: Base on Balls
Joel Frazier scores
Scott Miller to third
Joe Andrews to second
Pitching: RHP Álex Padilla
Batting: RHB Álex Escobar 0-0: Ball
1-0: Called Strike
1-1: Ball
2-1: Foul Ball, location: 2F
2-2: Foul Ball, location: 2F
2-2: SINGLE (Line Drive, 4D)
Scott Miller scores
Joe Andrews to third
Travis Brumback to second
Runner from 3rd tries for Home, SAFE, throw made at trailing runner, SAFE at third!
Batting: RHB Armando Hernández 0-0: Fly out, F9 (Popup, 8RS)
Batting: RHB Héctor Camacho 0-0: Ball
1-0: Ball
2-0: Called Strike
2-1: Fly out, F4 (Popup, 34D)
Top of the 6th over - 5 run(s), 3 hit(s), 2 error(s), 2 left on base; Virginia Beach 12 - Elkford 8
BOTTOM OF THE 6TH
Elkford Roadrunners batting - Pitching for Virginia Beach Deuces : LHP José Carrasco
Batting: RHB Don Thomas 0-0: Ground out 6-3 (Groundball, 6M)
Batting: RHB Cal Jackson 0-0: Called Strike
0-1: Foul Ball, location: 2F
0-2: Ball
1-2: Fly out, F9 (Flyball, 9D)
Batting: LHB Monte Pollard 0-0: Ball
1-0: SINGLE (Line Drive, 7M)
Batting: RHB Dave Henderson 0-0: Called Strike
0-1: Ball
1-1: Foul Ball, location: 2F
1-2: Ground out 5-3 (Groundball, 56S)
Bottom of the 6th over - 0 run(s), 1 hit(s), 0 error(s), 1 left on base; Virginia Beach 12 - Elkford 8
TOP OF THE 7TH
Virginia Beach Deuces batting - Pitching for Elkford Roadrunners : RHP Álex Padilla
Batting: LHB Álex Burgos 0-0: SINGLE (Groundball, 6MS)
Batting: RHB Carl Carlson 0-0: Called Strike
0-1: Foul Ball, location: 2F
0-2: Ball
1-2: Strikes out looking
Batting: RHB Joel Frazier 0-0: Ball
1-0: Fly out, F7 (Flyball, 7M)
Batting: RHB Scott Miller 0-0: SINGLE (Line Drive, 6M)
Álex Burgos to second
Batting: RHB Joe Andrews 0-0: Called Strike
0-1: Swinging Strike
0-2: Ball
1-2: Ball
2-2: Foul Ball, location: 2F
2-2: Strikes out swinging
Top of the 7th over - 0 run(s), 2 hit(s), 0 error(s), 2 left on base; Virginia Beach 12 - Elkford 8
BOTTOM OF THE 7TH
Elkford Roadrunners batting - Pitching for Virginia Beach Deuces : LHP José Carrasco
Batting: RHB Chris Robinson 0-0: Ball
1-0: Ground out 4-3 (Groundball, 13)
Pitching: RHP Blake Smith
Batting: RHB Jim Lee 0-0: SINGLE (Groundball, 6D)
Batting: RHB Michael Martin 0-0: Ball
1-0: Ball
2-0: Ball
3-0: Called Strike
3-1: Ground out 5-3 (Groundball, 5S)
Jim Lee to second
Batting: SHB Carlos Sánchez 0-0: Called Strike
0-1: Called Strike
0-2: Fly out, F5 (Popup, 5F)
Bottom of the 7th over - 0 run(s), 1 hit(s), 0 error(s), 1 left on base; Virginia Beach 12 - Elkford 8
TOP OF THE 8TH
Virginia Beach Deuces batting - Pitching for Elkford Roadrunners : RHP Álex Padilla
Batting: RHB Travis Brumback 0-0: Ball
1-0: Swinging Strike
1-1: Ball
2-1: Called Strike
2-2: Strikes out swinging
Pitching: RHP Sean Sanford
Batting: RHB Álex Escobar 0-0: Ball
1-0: Ball
2-0: Ball
3-0: Called Strike
3-1: Base on Balls
Batting: RHB Armando Hernández 0-0: Called Strike
0-1: Called Strike
0-2: Strikes out looking
Batting: RHB Héctor Camacho 0-0: DOUBLE (Line Drive, 7LS)
Álex Escobar to third
Runner from 3rd tries for Home, SAFE, no throw or cutoff
Batting: LHB Álex Burgos 0-0: Ball
1-0: Called Strike
1-1: Ball
Passed Ball!
Héctor Camacho to third
2-1: Ball
3-1: Base on Balls
Batting: RHB Carl Carlson 0-0: Ball
Wild Pitch!
Héctor Camacho scores
Álex Burgos to second
1-0: SINGLE (Groundball, 56D)
Álex Burgos to third
Runner from 3rd tries for Home, SAFE, no throw or cutoff
Batting: RHB Joel Frazier 0-0: Ball
1-0: Called Strike
1-1: Foul Ball, location: 2F
1-2: Ground out 1-3 (Groundball, 23)
Top of the 8th over - 3 run(s), 2 hit(s), 0 error(s), 1 left on base; Virginia Beach 15 - Elkford 8
BOTTOM OF THE 8TH
Elkford Roadrunners batting - Pitching for Virginia Beach Deuces : RHP Blake Smith
Batting: RHB Rafael Najcrea 0-0: Ball
1-0: Ball
2-0: Called Strike
2-1: Foul Ball, location: 2F
2-2: SINGLE (Line Drive, 89S)
Batting: RHB Don Thomas 0-0: Foul Ball, location: 2F
0-1: Ball
1-1: Ball
2-1: Foul Ball, location: 2F
2-2: Strikes out looking
Batting: RHB Cal Jackson 0-0: Ball
1-0: Ball
2-0: Swinging Strike
2-1: Swinging Strike
2-2: Strikes out swinging
Batting: LHB Monte Pollard 0-0: Called Strike
0-1: Ball
1-1: Called Strike
1-2: Foul Ball, location: 2F
1-2: Foul Ball, location: 2F
1-2: Foul Ball, location: 2F
1-2: Foul Ball, location: 2F
1-2: Ball
2-2: Ball
3-2: Strikes out swinging
Bottom of the 8th over - 0 run(s), 1 hit(s), 0 error(s), 1 left on base; Virginia Beach 15 - Elkford 8
TOP OF THE 9TH
Virginia Beach Deuces batting - Pitching for Elkford Roadrunners : RHP Sean Sanford
Batting: RHB Scott Miller 0-0: Ball
1-0: Ground out 6-3 (Groundball, 6)
Batting: RHB Joe Andrews 0-0: Called Strike
0-1: Ball
1-1: Foul Ball, location: 2F
1-2: Ball
2-2: Ball
3-2: Base on Balls
Pinch Hitting: RHB Eduardo Ayala 0-0: Ball
1-0: Foul Ball, location: 2F
1-1: Foul Ball, location: 2F
1-2: Foul Ball, location: 2F
1-2: Ball
2-2: Fly out, F7 (Flyball, 78S)
Pinch Hitting: LHB Enrique González 0-0: Called Strike
0-1: Swinging Strike
0-2: Ball
1-2: Ball
2-2: Foul Ball, location: 2F
2-2: SINGLE (Groundball, 4MD)
Joe Andrews to second
Batting: RHB Armando Hernández 0-0: Called Strike
0-1: Ball
1-1: Fly out, F8 (Flyball, 8RM)
Top of the 9th over - 0 run(s), 1 hit(s), 0 error(s), 2 left on base; Virginia Beach 15 - Elkford 8
BOTTOM OF THE 9TH
Elkford Roadrunners batting - Pitching for Virginia Beach Deuces : RHP Blake Smith
Now in LF: Johnny Hairston
Now in CF: Enrique González
Pinch Hitting: RHB Jim Unknown 0-0: Ball
1-0: Ball
2-0: Called Strike
2-1: Foul Ball, location: 2F
2-2: Strikes out swinging
Batting: RHB Chris Robinson 0-0: Ball
1-0: Ball
2-0: Ball
3-0: Called Strike
3-1: Foul Ball, location: 2F
3-2: Fly out, F7 (Flyball, 78M)
Batting: RHB Jim Lee 0-0: Swinging Strike
0-1: Foul Ball, location: 2F
0-2: Ball
1-2: Ball
2-2: Strikes out swinging
Bottom of the 9th over - 0 run(s), 0 hit(s), 0 error(s), 0 left on base; Virginia Beach 15 - Elkford 8
This league is powered by Out of the Park Baseball, the baseball management simulation game for PC, Mac and Linux
Monday, May 4th, 2015 - OOTP Baseball 15.6 Build 34